[Event "Team 45 45 League T60"]
[Site "Internet Chess Club"]
[Date "2014.03.01"]
[Round "1"]
[White "Bible-Believer"]
[Black "Littlemon"]
[Result "0-1"]
[WhiteElo "1600"]
[BlackElo "1491"]
[Opening "Vienna game"]
[ECO "C28"]
[Time "19:00:47"]
[TimeControl "2700+45"]

1. e4 e5 2. Bc4 Nc6 3. Nc3 Nf6 4. d3 d6 5. Nge2 Be7 6. O-O O-O 7. Bg5 h6 8. Bh4
Kh8 9. f3 Nh7 10. Bf2 f5 11. d4 fxe4 12. fxe4 exd4 13. Nxd4 Nxd4 14. Bxd4 Rxf1+
15. Qxf1 Bf6 16. Rd1 Bg4 17. Rd3 Bxd4+ 18. Rxd4 Qg5 19. Rd5 Qe3+ 20. Qf2 Qc1+
21. Qf1 Qe3+ 22. Qf2 Qc1+ 23. Qf1 Qxb2 24. Qd3 Rf8 25. Rb5 Qc1+ {White resigns}
0-1

[Event "Team 45 45 League T60"]
[Site "Internet Chess Club"]
[Date "2014.03.01"]
[Round "1"]
[White "Nxs123"]
[Black "BotanicalKnight"]
[Result "1-0"]
[WhiteElo "1606"]
[BlackElo "1511"]
[Opening "Caro-Kann: exchange variation"]
[ECO "B13"]
[Time "12:00:47"]
[TimeControl "2700+45"]

1. e4 c6 2. d4 d5 3. exd5 cxd5 4. Bd3 Nc6 5. c3 Qc7 6. Nf3 Bg4 7. Be3 e6 8. Nbd2
Nf6 9. h3 Bh5 10. O-O Bd6 11. Re1 O-O 12. Bg5 Be7 13. Qc2 Bg6 14. Bxg6 hxg6 15.
Ne5 Nxd4 16. Qd3 Nf5 17. Ndf3 Ne4 18. Bxe7 Qxe7 19. Nd4 Nxd4 20. Qxd4 Qc5 21.
Rxe4 Qxd4 22. Rxd4 b5 {Black resigns} 1-0

[Event "Team 45 45 League T60"]
[Site "Internet Chess Club"]
[Date "2014.03.02"]
[Round "1"]
[White "chesskix"]
[Black "bluesun"]
[Result "0-1"]
[WhiteElo "1328"]
[BlackElo "1389"]
[Opening "Bishop's opening: Berlin defense"]
[ECO "C24"]
[Time "15:00:47"]
[TimeControl "2700+45"]

1. e4 e5 2. Bc4 Nf6 3. d3 b6 4. Nf3 Bb7 5. O-O Be7 6. Bxf7+ Kxf7 7. Nxe5+ Kf8 8.
Qf3 d6 9. Ng4 Nd7 10. Bg5 Ne5 11. Nxe5 dxe5 12. Nd2 h6 13. Bxf6 Bxf6 14. Nc4 Ke7
15. Ne3 g6 16. Rad1 Qf8 17. Nd5+ Bxd5 18. exd5 Rd8 19. Qe4 Qf7 20. c4 b5 21. b3
Kd6 22. b4 Bg7 23. g3 Rhf8 24. c5+ Ke7 25. d6+ cxd6 26. Qb7+ Rd7 27. cxd6+ Kxd6
28. Qxb5 Qxa2 29. Qc5+ Ke6 30. Ra1 Qd5 31. Ra6+ Kf7 32. Rxa7 Qxc5 33. Rxd7+ Qe7
34. Rxe7+ Kxe7 35. Rb1 Kd7 36. b5 Kc7 37. Rc1+ Kb6 38. Rc6+ Kxb5 39. Rxg6 Rf7
40. Kf1 Kc5 41. Ke2 Bf8 42. Rg4 Kd5 43. Rh4 Bc5 44. f4 exf4 45. gxf4 Rf6 46.
Rh5+ Kd4 47. f5 Ke5 48. h3 Bf8 49. h4 Kf4 50. d4 Kg4 {White resigns} 0-1

[Event "Team 45 45 League T60"]
[Site "Internet Chess Club"]
[Date "2014.03.01"]
[Round "1"]
[White "HorseRadish"]
[Black "semperfi"]
[Result "1/2-1/2"]
[WhiteElo "1496"]
[BlackElo "1390"]
[Opening "Queen's pawn game"]
[ECO "A46"]
[Time "14:32:18"]
[TimeControl "2700+45"]

1. d4 Nf6 2. Nf3 e6 3. Bf4 d5 4. e3 c5 5. c3 Qb6 6. Qc2 Nc6 7. Be2 cxd4 8. exd4
Be7 9. Nbd2 Bd7 10. Rb1 Rc8 11. Qd1 Qd8 12. O-O Nh5 13. Bg3 Nxg3 14. hxg3 O-O
15. Rc1 Bf6 16. Re1 Qb6 17. Nb3 Na5 18. Nc5 Bb5 19. Bxb5 Qxb5 20. Re2 b6 21. Nd3
Qd7 22. b3 Nb7 23. Nde5 Qe7 24. c4 dxc4 25. Rxc4 Rxc4 26. bxc4 Qc7 27. Rc2 Rd8
28. Qe2 Bxe5 29. Qxe5 Qxe5 30. dxe5 Rd1+ 31. Kh2 Nc5 32. Nd2 Nd7 {Game drawn by
mutual agreement} 1/2-1/2

[Event "Team 45 45 League T60"]
[Site "Internet Chess Club"]
[Date "2014.02.28"]
[Round "1"]
[White "Berke"]
[Black "Fogbound"]
[Result "1-0"]
[WhiteElo "1594"]
[BlackElo "1280"]
[Opening "Caro-Kann: classical variation"]
[ECO "B18"]
[Time "14:00:48"]
[TimeControl "2700+45"]

1. e4 c6 2. d4 d5 3. Nc3 dxe4 4. Nxe4 Bf5 5. Ng3 Bg6 6. Nf3 Nd7 7. c3 h6 8. Bc4
Ngf6 9. Qb3 b5 10. Be2 e6 11. c4 Rb8 12. O-O Be7 13. cxb5 c5 14. Be3 O-O 15.
Rfd1 Nd5 16. Bd2 Rc8 17. Rac1 Qb6 18. a4 a5 19. h3 Rc7 20. Ne5 Nxe5 21. dxe5 Rd8
22. Nf1 Nb4 23. Qc4 Rd4 24. Qb3 Bd3 25. Bxb4 Rxb4 26. Qxd3 Rd4 27. Qc2 Bg5 28.
Rxd4 cxd4 29. Qxc7 Qxc7 30. Rxc7 Kf8 31. b6 Bd8 32. Rc8 Ke7 33. b7 {Black
resigns} 1-0

[Event "Team 45 45 League T60"]
[Site "Internet Chess Club"]
[Date "2014.03.02"]
[Round "1"]
[White "RobertBuice"]
[Black "WzeroMN"]
[Result "1-0"]
[WhiteElo "1085"]
[BlackElo "1129"]
[Opening "Four knights game"]
[ECO "C47"]
[Time "16:07:42"]
[TimeControl "2700+45"]

1. e4 e5 2. Nf3 Nc6 3. Nc3 Nf6 4. Bd3 Bc5 5. O-O O-O 6. Bb5 Nd4 7. Nxd4 Bxd4 8.
Nd5 Nxe4 9. c3 Bxf2+ 10. Rxf2 Nxf2 11. Kxf2 c6 12. Bc4 cxd5 13. Bxd5 d6 14. d4
Rb8 15. Qf3 Qf6 16. Be4 Qxf3+ 17. gxf3 exd4 18. cxd4 g6 19. Bh6 Re8 20. h4 Bf5
21. Bd5 b6 22. Rg1 Rbc8 23. h5 Rc2+ 24. Kg3 gxh5 25. Kf4+ Bg6 26. Kg5 Ree2 27.
Kf6 Rg2 28. Re1 Rge2 29. Rg1 Rxb2 30. Bxf7+ Kh8 31. Bg7# {Black checkmated} 1-0

[Event "Team 45 45 League T60"]
[Site "Internet Chess Club"]
[Date "2014.03.01"]
[Round "1"]
[White "fuzzface"]
[Black "stantheman59"]
[Result "1-0"]
[WhiteElo "1379"]
[BlackElo "1247"]
[Opening "Queen's pawn game"]
[ECO "D00"]
[Time "10:01:05"]
[TimeControl "2700+45"]

1. d4 Nf6 2. Nc3 d5 3. Nf3 Nc6 4. Bg5 Bf5 5. a3 a6 6. e3 Qd6 7. Bd3 Ne4 8. Bf4
Qd7 9. Ne5 Nxe5 10. Bxe5 Nxc3 11. bxc3 Bg4 12. Be2 Bxe2 13. Qxe2 f6 14. Bg3 e6
15. O-O O-O-O 16. c4 g6 17. c5 h5 18. h4 g5 19. c4 Re8 20. cxd5 exd5 21. Rab1
Qa4 22. Qd3 Bg7 23. Rfc1 f5 24. Qxf5+ Kb8 25. Qxd5 Qb5 26. Rxb5 axb5 27. Rb1 Rd8
28. Qxg5 Ka7 29. Bxc7 Rd7 30. Bb6+ Ka6 31. Qg6 Bf8 32. Bd8+ Bd6 33. cxd6 Rdxd8
34. d7+ Ka5 35. Qf5 Ka4 36. Qxb5+ Kxa3 37. Qb3# {Black checkmated} 1-0

[Event "Team 45 45 League T60"]
[Site "Internet Chess Club"]
[Date "2014.03.01"]
[Round "1"]
[White "jaybird44"]
[Black "arconia"]
[Result "0-1"]
[WhiteElo "1129"]
[BlackElo "1289"]
[Opening "Sicilian defense"]
[ECO "B30"]
[Time "14:30:44"]
[TimeControl "2700+45"]

1. e4 c5 2. Nf3 Nc6 3. c3 a6 4. d4 cxd4 5. cxd4 e6 6. Nc3 Nge7 7. Bg5 Qc7 8. a3
Ng6 9. Bc4 b5 10. Bd3 Bb7 11. O-O Be7 12. d5 Nce5 13. Nxe5 Bxg5 14. Nf3 Bh6 15.
Re1 O-O 16. e5 exd5 17. Bxg6 fxg6 18. Nxd5 Qc5 19. Ne7+ Qxe7 20. Qb3+ Kh8 21.
Rad1 Bxf3 22. gxf3 Bf4 23. e6 Qg5+ 24. Kf1 Bxh2 25. exd7 Rad8 26. Re8 Rdxe8 27.
Qf7 Qg1# {White checkmated} 0-1

[Event "Team 45 45 League T60"]
[Site "Internet Chess Club"]
[Date "2014.02.28"]
[Round "1"]
[White "chips"]
[Black "Rococo"]
[Result "1/2-1/2"]
[WhiteElo "1128"]
[BlackElo "1235"]
[Opening "Polish (Sokolsky) opening"]
[ECO "A00"]
[Time "07:02:09"]
[TimeControl "2700+45"]

1. b4 d6 2. Bb2 Nf6 3. Bxf6 exf6 4. Nf3 Nc6 5. c3 Ne5 6. e3 Nxf3+ 7. Qxf3 Qd7 8.
Qe4+ Be7 9. g3 O-O 10. Bg2 c6 11. O-O d5 12. Qf3 Bd6 13. d4 f5 14. Nd2 b5 15.
Qd1 Qc7 16. Nf3 Bd7 17. a4 a6 18. a5 Be7 19. Ne5 Be6 20. Nf3 g6 21. Qc1 Bf6 22.
Qc2 Kg7 23. Qd2 Rh8 24. h3 Rag8 25. h4 h5 26. Qc2 Kf8 27. Qd3 Qe7 28. Rfe1 g5
29. Qe2 gxh4 30. Nxh4 Bxh4 31. gxh4 Qxh4 32. f4 Qg3 33. Qf2 h4 34. Qxg3 Rxg3 35.
Kh2 Rhg8 36. Ra2 f6 37. Ree2 Bf7 38. Re1 Bh5 39. Rd2 Bf3 40. Bxf3 Rxf3 41. Rg2
Rgg3 42. Rxg3 Rxg3 43. Re2 Kf7 44. Re1 Kg6 45. Re2 Kh5 46. Re1 Kg4 47. Re2 Rh3+
48. Kg2 Rg3+ 49. Kh2 Rh3+ 50. Kg2 Rg3+ {Game drawn by mutual agreement} 1/2-1/2

[Event "Team 45 45 League T60"]
[Site "Internet Chess Club"]
[Date "2014.02.27"]
[Round "1"]
[White "Buford-Julep"]
[Black "PJ"]
[Result "1-0"]
[WhiteElo "1748"]
[BlackElo "1638"]
[Opening "English: three knights system"]
[ECO "A27"]
[Time "14:00:21"]
[TimeControl "2700+45"]

1. Nf3 Nc6 2. c4 e5 3. Nc3 g6 4. d4 exd4 5. Nxd4 Bg7 6. Nxc6 Bxc3+ 7. bxc3 bxc6
8. Qd4 Qf6 9. Bf4 d6 10. Rb1 Qxd4 11. cxd4 Ne7 12. e3 Ba6 13. Be2 O-O 14. O-O
Rab8 15. Rb3 Rxb3 16. axb3 Rb8 17. Ra1 Rxb3 18. Rxa6 Rb1+ 19. Bf1 {Black
resigns} 1-0

[Event "Team 45 45 League T60"]
[Site "Internet Chess Club"]
[Date "2014.03.05"]
[Round "1"]
[White "zap2"]
[Black "leopardc"]
[Result "1-0"]
[WhiteElo "1775"]
[BlackElo "1569"]
[Opening "Benko's opening"]
[ECO "A00"]
[Time "09:06:12"]
[TimeControl "2700+45"]

1. g3 c6 2. Bg2 d5 3. Nf3 g6 4. d3 Bg7 5. Nbd2 e5 6. e4 Ne7 7. O-O h6 8. Qe2 Bg4
9. h3 Be6 10. c3 Qd7 11. Nxe5 Qd6 12. Nef3 Nd7 13. Re1 O-O-O 14. e5 Qc7 15. d4
c5 16. a4 a5 17. b4 c4 18. bxa5 Qxa5 19. Ba3 Nc6 20. Nxc4 dxc4 21. Qb2 Nb6 22.
Reb1 Bf8 23. Bxf8 Rhxf8 24. Qxb6 Rd7 25. Nd2 Qxb6 26. Rxb6 Na5 27. Rab1 Bd5 28.
Bxd5 Rxd5 29. R1b5 Kc7 30. Rxb7+ Nxb7 31. Rxd5 Ra8 32. Nxc4 Rxa4 33. Ne3 Kc6 34.
Kg2 h5 35. f4 Ra3 36. e6 fxe6 37. Re5 Kd7 38. c4 Nd6 39. c5 Nf5 40. Nxf5 gxf5
41. d5 exd5 42. Rxd5+ Ke6 43. Rd6+ Ke7 44. Rh6 Ra2+ 45. Kf3 Ra3+ 46. Kf2 Ra2+
47. Ke3 Ra3+ 48. Kd4 Kd7 49. Ke5 Rxg3 50. c6+ Kc8 51. Rxh5 Rg6 52. Kd5 Rg3 53.
Kd6 Rg6+ 54. Kc5 Rg3 55. h4 Rc3+ 56. Kd6 Rd3+ 57. Ke5 Rc3 58. Rh6 Kc7 59. Kxf5
Rc5+ 60. Kg4 Kd8 61. f5 Ke7 62. c7 Rc4+ 63. Kg5 Kf7 64. Rh8 {Black resigns} 1-0

[Event "Team 45 45 League T60"]
[Site "Internet Chess Club"]
[Date "2014.03.02"]
[Round "1"]
[White "pauliewoll"]
[Black "Tjet"]
[Result "0-1"]
[WhiteElo "1532"]
[BlackElo "1560"]
[Opening "Philidor: exchange variation"]
[ECO "B07"]
[Time "16:00:46"]
[TimeControl "2700+45"]

1. e4 d6 2. d4 e5 3. Nf3 exd4 4. Nxd4 Nf6 5. Nc3 a6 6. Be2 Be7 7. O-O O-O 8. f4
b5 9. a3 Bb7 10. Bf3 Re8 11. Be3 Bf8 12. e5 c6 13. exf6 Rxe3 14. fxg7 Bxg7 15.
Qd2 Re8 16. Nf5 d5 17. Nxg7 Kxg7 18. Rae1 Qb6+ 19. Kh1 Nd7 20. f5 f6 21. Bh5 Re5
22. Qf4 Qc5 23. Ne2 Qe7 24. Rf3 Rg8 25. Rg3+ Kh8 26. Rxg8+ Kxg8 27. Rf1 Kh8 28.
b4 Nb6 29. Nd4 Nc4 30. Qg3 Nd6 31. Ne6 Ne4 32. Qh4 Bc8 33. Nd4 Bd7 34. Kg1 c5
35. Nf3 Rxf5 36. Bg4 Rf4 37. g3 Rxg4 {White resigns} 0-1

[Event "Team 45 45 League T60"]
[Site "Internet Chess Club"]
[Date "2014.02.27"]
[Round "1"]
[White "SATELLITE-DAN"]
[Black "SirIvanhoe"]
[Result "0-1"]
[WhiteElo "1654"]
[BlackElo "1597"]
[Opening "Caro-Kann: classical variation"]
[ECO "B18"]
[Time "13:04:54"]
[TimeControl "2700+45"]

1. e4 c6 2. d4 d5 3. Nc3 dxe4 4. Nxe4 Bf5 5. Bd3 Qxd4 6. Nf3 Qd5 7. Qe2 Bxe4 8.
Bxe4 Qd8 9. O-O Nf6 10. Rd1 Qc7 11. Bd3 g6 12. a4 Bg7 13. Bc4 O-O 14. Ra3 e6 15.
Ne5 Nd5 16. Ng4 h5 17. Ne3 Nd7 18. Ba2 N7b6 19. Nc4 Nxc4 20. Bxc4 Rad8 21. Rf3
Nb6 22. Rxd8 Qxd8 23. Bb3 Qd7 24. Rd3 Qe7 25. g3 Rd8 26. h4 Rxd3 27. Qxd3 Qd7
28. Qe3 Qd4 29. Qe2 Nxa4 30. c3 Nxc3 31. bxc3 Qxc3 32. Qd1 Qd4 33. Be3 Qxd1+ 34.
Bxd1 a6 35. Kf1 Kf8 36. Ke2 Ke7 37. Kd3 Kd6 38. Kc4 Bf6 39. Bc5+ Kd7 40. f4 Be7
41. Bd4 b5+ 42. Kd3 a5 43. Bb3 a4 44. Bd1 c5 45. Be3 Kd6 46. Kc3 Bf6+ 47. Kc2 b4
48. Bc1 b3+ 49. Kb1 c4 50. Bf3 c3 51. Ba3+ Kd7 52. Be4 c2+ 53. Kc1 Kc7 54. Bc5
Bc3 55. Ba3 Bd4 56. Bb4 Be3+ 57. Bd2 Bxd2+ 58. Kxd2 a3 {White resigns} 0-1

[Event "Team 45 45 League T60"]
[Site "Internet Chess Club"]
[Date "2014.03.03"]
[Round "1"]
[White "mechanicalrook"]
[Black "AlliesterMX"]
[Result "1-0"]
[WhiteElo "1705"]
[BlackElo "1914"]
[Opening "Robatsch (modern) defense"]
[ECO "B06"]
[Time "19:00:41"]
[TimeControl "2700+45"]

1. e4 g6 2. d4 Bg7 3. Nc3 d6 4. Be3 c6 5. Bd3 Qb6 6. Nge2 Qxb2 7. Rb1 Qa3 8. O-O
Qa5 9. f4 Bg4 10. Rxb7 Nd7 11. Rb3 e6 12. h3 Bxe2 13. Qxe2 Ne7 14. f5 exf5 15.
exf5 O-O 16. Qg4 Nf6 17. Qh4 Rab8 18. Ne4 Nxe4 19. Qxe7 Rfe8 20. Rxb8 Rxb8 21.
Bxe4 d5 22. fxg6 hxg6 23. Qxf7+ Kh8 24. Bd3 Rf8 25. Qxg6 Rxf1+ 26. Kxf1 Kg8 27.
Qe8+ Bf8 28. Bh6 Qb4 29. Bxf8 {Black resigns} 1-0

[Event "Team 45 45 League T60"]
[Site "Internet Chess Club"]
[Date "2014.02.26"]
[Round "1"]
[White "QuieroAprender"]
[Black "crazyhorses"]
[Result "1/2-1/2"]
[WhiteElo "1654"]
[BlackElo "1363"]
[Opening "Two knights defense (Modern bishop's opening)"]
[ECO "C55"]
[Time "16:37:43"]
[TimeControl "2700+45"]

1. e4 e5 2. Nf3 Nc6 3. Bc4 Nf6 4. d3 Be7 5. c3 d5 6. exd5 Nxd5 7. b4 Qd6 8. Qa4
O-O 9. b5 Nd8 10. Ba3 c5 11. bxc6 Qxc6 12. Qxc6 bxc6 13. Bxd5 Bxa3 14. Bxf7+
Nxf7 15. Nxa3 Bf5 16. Ke2 e4 17. dxe4 Rfe8 18. Nd2 Bxe4 19. f3 Bf5+ 20. Kf2 Ne5
21. g4 Nd3+ 22. Kg3 Re2 23. Nac4 Be6 24. h4 Bd5 25. Rh2 Rae8 26. Rxe2 Rxe2 27.
Rb1 Bxc4 28. Nxc4 Rxa2 29. Rd1 Ra4 30. Ne3 Ne5 31. Rd8+ Kf7 32. f4 Ng6 33. Rd7+
Kf8 34. Rc7 Nxf4 35. Rxc6 Nd3 36. c4 Ra3 37. Rc8+ Kf7 38. Rc7+ Kf8 39. Rc8+ Kf7
40. Rc7+ Kf8 {Game drawn by mutual agreement} 1/2-1/2

[Event "Team 45 45 League T60"]
[Site "Internet Chess Club"]
[Date "2014.02.28"]
[Round "1"]
[White "caglar"]
[Black "ElMarginal"]
[Result "1-0"]
[WhiteElo "1580"]
[BlackElo "1468"]
[Opening "Scandinavian (center counter) defense"]
[ECO "B01"]
[Time "18:12:36"]
[TimeControl "2700+45"]

1. e4 d5 2. exd5 Qxd5 3. Nf3 Nf6 4. d4 Nc6 5. c4 Qd8 6. Nc3 e6 7. d5 exd5 8.
cxd5 Nb4 9. Bc4 Be7 10. a3 Na6 11. O-O O-O 12. Re1 Bg4 13. h3 Bh5 14. g4 Bg6 15.
Ne5 Nc5 16. f4 Be4 17. Nxe4 Ncxe4 18. g5 Bc5+ 19. Be3 Nd7 20. Bxc5 Nexc5 21. b4
Na6 22. Qg4 Nxe5 23. fxe5 Nb8 24. Rad1 Qe7 25. e6 f6 26. gxf6 Rxf6 27. Bd3 Na6
28. Rf1 Raf8 29. Rxf6 Rxf6 30. Rf1 Rxf1+ 31. Bxf1 Nb8 32. Qg3 h6 33. Bd3 Qg5 34.
Qxg5 hxg5 35. Kf2 Kf8 36. Ke3 Ke7 37. Ke4 c6 38. Ke5 cxd5 39. Kxd5 Nc6 40. Bc4
Nd8 41. Ke5 Nc6+ 42. Kf5 Kf8 43. Kxg5 Ne7 44. Bd3 Nc6 45. Be4 Nd8 46. Kf5 b6 47.
Bd5 a6 48. a4 a5 49. bxa5 bxa5 50. Kg6 Ke7 51. Kxg7 Nxe6+ 52. Bxe6 Kxe6 53. h4
Kd5 54. h5 Kc4 55. h6 Kb4 56. h7 Kxa4 57. h8=Q Kb3 58. Qb8+ Ka3 59. Qb5 a4 60.
Kf6 {Black resigns} 1-0

[Event "Team 45 45 League T60"]
[Site "Internet Chess Club"]
[Date "2014.03.03"]
[Round "1"]
[White "GideonL"]
[Black "kingphisch"]
[Result "1/2-1/2"]
[WhiteElo "1457"]
[BlackElo "1486"]
[Opening "Caro-Kann: advance variation"]
[ECO "B12"]
[Time "18:14:39"]
[TimeControl "2700+45"]

1. e4 c6 2. d4 d5 3. e5 Bf5 4. h4 h5 5. Nf3 e6 6. Bd3 Bxd3 7. Qxd3 Ne7 8. c3 Nd7
9. Bg5 Qc7 10. Nbd2 c5 11. O-O c4 12. Qe3 Nf5 13. Qe1 Be7 14. Kh1 Bxg5 15. hxg5
g6 16. Nh2 Nf8 17. f4 h4 18. Kg1 Nd7 19. Ng4 O-O-O 20. Ne3 Rdg8 21. Nxf5 gxf5
22. Kf2 Nf8 23. Rh1 Ng6 24. Qe3 Kb8 25. Nf3 Qb6 26. Rab1 Qc6 {Game drawn by
mutual agreement} 1/2-1/2

[Event "Team 45 45 League T60"]
[Site "Internet Chess Club"]
[Date "2014.03.02"]
[Round "1"]
[White "Luckydawg"]
[Black "room-matt"]
[Result "0-1"]
[WhiteElo "1471"]
[BlackElo "1811"]
[Opening "English opening"]
[ECO "A10"]
[Time "02:13:36"]
[TimeControl "2700+45"]

1. c4 g5 2. d4 Bg7 3. Nc3 g4 4. e3 d6 5. Bd3 c5 6. Nge2 Nf6 7. Bc2 Qc7 8. Ba4+
Bd7 9. Bxd7+ Nbxd7 10. Qa4 O-O 11. Qc2 cxd4 12. Nb5 Qc6 13. O-O dxe3 14. Bxe3
Qe4 15. Qb3 Rac8 16. Rac1 a6 17. Ng3 Qg6 18. Nd4 Nc5 19. Ndf5 Rc7 20. Qb6 Rfc8
21. Bxc5 dxc5 22. Rcd1 Bf8 23. Rd8 Rxd8 24. Qxc7 Rd7 25. Qc8 e6 26. Ne3 h5 27.
Ne2 h4 28. Nf4 Qg5 29. Nfd5 exd5 30. Nxd5 Rxd5 31. cxd5 Qxd5 32. Qc7 Nh5 33. f3
g3 {White forfeits on time} 0-1

[Event "Team 45 45 League T60"]
[Site "Internet Chess Club"]
[Date "2014.03.01"]
[Round "1"]
[White "jps7"]
[Black "bayoumicardio10"]
[Result "1/2-1/2"]
[WhiteElo "1679"]
[BlackElo "1589"]
[Opening "Queen's pawn game"]
[ECO "D05"]
[Time "19:00:44"]
[TimeControl "2700+45"]

1. d4 Nf6 2. Nf3 e6 3. e3 d5 4. Bd3 b6 5. O-O Bb7 6. b3 c5 7. Bb2 Nbd7 8. Ne5
Be7 9. f4 Ne4 10. Nd2 O-O 11. Qe2 Rc8 12. c4 f5 13. dxc5 Ndxc5 14. Nxe4 Nxd3 15.
Qxd3 dxe4 16. Qc2 Qc7 17. Rad1 Rfd8 18. Rxd8+ Rxd8 19. Rd1 Rxd1+ 20. Qxd1 Bf6
21. Qh5 Qe7 22. Ba3 Qd8 23. Qf7+ Kh8 24. Nd7 h6 25. h3 Bc6 26. Nxf6 Qxf6 27.
Qxa7 Qa1+ 28. Kh2 Qxa2 29. Qb8+ Kh7 30. Qxb6 Qxa3 31. Qxc6 Qxb3 32. Qxe6 Qxe3
33. Qxf5+ Kg8 34. Qd5+ Kh7 35. f5 Qf4+ 36. Kg1 e3 37. Qf3 Qxc4 38. Qxe3 Qd5 39.
g4 Qd1+ 40. Kf2 Qc2+ 41. Qe2 Qc5+ 42. Kg3 Qd6+ 43. Kg2 Qd5+ 44. Qf3 Qd2+ 45. Kg3
Qg5 46. Qe4 Qf6 47. Qe6 Qg5 48. h4 Qd8 49. Qg6+ Kh8 50. Qc6 Qd3+ 51. Qf3 Qd6+
52. Kh3 Kh7 53. g5 hxg5 54. hxg5 Qe5 55. g6+ Kh6 56. Kg4 Qxf5+ 57. Kxf5 {Black
stalemated} 1/2-1/2

[Event "Team 45 45 League T60"]
[Site "Internet Chess Club"]
[Date "2014.03.02"]
[Round "1"]
[White "uzi"]
[Black "julesraider"]
[Result "1-0"]
[WhiteElo "1351"]
[BlackElo "1578"]
[Opening "Caro-Kann: anti-anti-Caro-Kann defense"]
[ECO "B10"]
[Time "10:02:35"]
[TimeControl "2700+45"]

1. e4 c6 2. c4 d5 3. exd5 cxd5 4. cxd5 Qxd5 5. Nc3 Qd8 6. d4 Nf6 7. Nf3 Bd7 8.
Bc4 e6 9. O-O Be7 10. d5 exd5 11. Nxd5 O-O 12. Nxe7+ Qxe7 13. Re1 Qc5 14. Qd3
Nc6 15. Be3 Qf5 16. Qxf5 Bxf5 17. Nd4 Nxd4 18. Bxd4 Rfe8 19. Rxe8+ Nxe8 20. Re1
Nd6 21. Bd5 a6 22. Bc5 Re8 23. Rxe8+ Nxe8 24. Bxb7 Bd3 25. f3 Nc7 26. b3 f6 27.
Kf2 Kf7 28. Bd6 Ne6 29. Bd5 f5 30. Ke3 Bf1 31. f4 h6 32. g4 g6 33. gxf5 gxf5 34.
h4 Bb5 35. a4 Bd7 36. Bc4 Bc8 37. b4 Kf6 38. b5 axb5 39. Bxb5 Bb7 40. a5 Nd8 41.
a6 Ba8 42. Bc4 Nf7 43. Bf8 h5 44. Be2 Kg6 45. Bf3 Bxf3 46. Kxf3 Nd8 47. a7 Ne6
48. a8=Q Nxf8 49. Qxf8 Kh7 50. Qxf5+ Kh6 51. Qg5+ Kh7 52. f5 Kh8 53. f6 Kh7 54.
f7 Kh8 55. f8=Q+ Kh7 56. Qfg7# {Black checkmated} 1-0

[Event "Team 45 45 League T60"]
[Site "Internet Chess Club"]
[Date "2014.03.01"]
[Round "1"]
[White "anna"]
[Black "spongenotbob"]
[Result "1/2-1/2"]
[WhiteElo "1846"]
[BlackElo "1985"]
[Opening "Caro-Kann: classical variation"]
[ECO "B18"]
[Time "16:01:38"]
[TimeControl "2700+45"]

1. e4 c6 2. d4 d5 3. Nc3 dxe4 4. Nxe4 Bf5 5. Ng3 Bg6 6. Nf3 Nd7 7. Bf4 Qa5+ 8.
c3 Ngf6 9. Bc4 e6 10. O-O Be7 11. Nh4 Nd5 12. Nxg6 hxg6 13. Bxd5 Qxd5 14. Ne2 g5
15. Bg3 f5 16. f4 g4 17. Qc2 Nf6 18. c4 Qd7 19. Rad1 Ne4 20. Be1 Bf6 21. g3 Rh3
22. Nc3 Nxc3 23. Bxc3 O-O-O 24. b4 Rdh8 25. Rd2 g5 26. fxg5 Bxg5 27. Re2 R8h6
28. Rff2 Qh7 29. Rg2 {Game drawn by mutual agreement} 1/2-1/2

[Event "Team 45 45 League T60"]
[Site "Internet Chess Club"]
[Date "2014.03.01"]
[Round "1"]
[White "Chess-Boy"]
[Black "ausya"]
[Result "0-1"]
[WhiteElo "1623"]
[BlackElo "1817"]
[Opening "Sicilian: Alapin's variation (2.c3)"]
[ECO "B22"]
[Time "18:00:44"]
[TimeControl "2700+45"]

1. e4 c5 2. c3 g6 3. d4 cxd4 4. cxd4 d5 5. e5 Bg7 6. Nf3 Nc6 7. Nc3 f6 8. exf6
Nxf6 9. Bf4 Bd7 10. Bd3 O-O 11. O-O Bg4 12. Be2 Bxf3 13. Bxf3 e6 14. Re1 Qd7 15.
Qd2 Qf7 16. Be5 Nxe5 17. dxe5 Nd7 18. Nxd5 Nxe5 19. Be4 Rad8 20. Rad1 Nc4 21.
Qe2 exd5 22. Bxd5 Rxd5 23. Qxc4 Rxd1 24. Qxf7+ Rxf7 25. Rxd1 Bxb2 26. Kf1 Re7
27. f4 Kf7 28. Kf2 Ke6 29. Kf3 Rd7 30. Re1+ Kd5 31. g4 Rf7 32. Re4 Rc7 33. f5
Rc3+ 34. Re3 Rxe3+ 35. Kxe3 gxf5 {White resigns} 0-1

[Event "Team 45 45 League T60"]
[Site "Internet Chess Club"]
[Date "2014.02.27"]
[Round "1"]
[White "vjbaker"]
[Black "drsigmund1"]
[Result "1/2-1/2"]
[WhiteElo "1794"]
[BlackElo "1592"]
[Opening "French: Tarrasch, closed variation"]
[ECO "C05"]
[Time "20:00:09"]
[TimeControl "2700+45"]

1. e4 e6 2. d4 d5 3. Nd2 Nf6 4. e5 Nfd7 5. f4 c5 6. Ngf3 Nc6 7. Bb5 Nxd4 8. Nxd4
cxd4 9. Nb3 Qb6 10. Bxd7+ Bxd7 11. Nxd4 Bc5 12. c3 O-O 13. O-O f6 14. b4 Bxd4+
15. Qxd4 fxe5 16. Qxb6 axb6 17. fxe5 Rxf1+ 18. Kxf1 Bb5+ 19. Ke1 Rc8 20. a4 Bd3
21. Kd2 Be4 22. g3 Rf8 23. Ke2 Rf5 24. a5 Rxe5 25. a6 bxa6 26. Rxa6 b5 27. Bf4
Rh5 28. Rxe6 Rxh2+ 29. Ke3 Rh1 30. Rb6 Rd1 31. Be5 Bd3 32. Rb7 Bc4 33. Rxg7+ Kf8
34. Rxh7 Re1+ 35. Kd4 Re4+ 36. Kc5 Rxe5 37. Rh8+ Kg7 38. Ra8 Rg5 39. Ra7+ Kh6
40. Ra6+ Kh5 41. Ra8 Kg4 42. Ra1 Kf3 43. Rd1 Kxg3 44. Kd4 Rg4+ 45. Ke5 Re4+ 46.
Kf5 Kf3 47. Rh1 Ke3 48. Re1+ Kd3 49. Rc1 Re2 50. Kf4 Kd2 51. Ra1 Kxc3 52. Rb1
Rb2 53. Rc1+ Kxb4 54. Ke3 Rb3+ 55. Kd2 Rd3+ 56. Kc2 Rc3+ 57. Kb2 Rxc1 58. Kxc1
Kc3 59. Kb1 Kd2 60. Kb2 d4 61. Kb1 Kc3 62. Kc1 d3 63. Kd1 d2 {White stalemated}
1/2-1/2

[Event "Team 45 45 League T60"]
[Site "Internet Chess Club"]
[Date "2014.03.01"]
[Round "1"]
[White "CaptK"]
[Black "JasonModer"]
[Result "0-1"]
[WhiteElo "1523"]
[BlackElo "1724"]
[Opening "QGD"]
[ECO "D02"]
[Time "11:30:42"]
[TimeControl "2700+45"]

1. d4 d5 2. Nf3 Nf6 3. c4 e6 4. Bg5 Nc6 5. Nc3 Be7 6. e3 O-O 7. Bd3 dxc4 8. Bxc4
Nd5 9. Bxe7 Ncxe7 10. O-O Ng6 11. Nxd5 exd5 12. Bd3 Qf6 13. Rc1 c6 14. Bb1 Bg4
15. h3 Bxf3 16. Qxf3 Qxf3 17. gxf3 Nh4 18. f4 Nf3+ 19. Kg2 Nd2 20. Rfd1 Nxb1 21.
Rxb1 f5 22. b4 Rf6 23. b5 Rg6+ 24. Kh2 b6 25. Rdc1 Rc8 26. bxc6 Rgxc6 27. Rxc6
Rxc6 28. Rb5 Rd6 29. Kg2 Kf7 30. Kf3 Ke6 31. Ke2 Rc6 32. Kd3 Kd6 33. Kd2 Rc4 34.
Rb2 Kc6 35. Rb3 a5 36. Rb2 b5 37. a3 b4 38. axb4 axb4 39. Rb1 Kb5 40. Ra1 Rc7
41. h4 b3 42. Kd3 Kb4 43. h5 Rc3+ 44. Kd2 Rc2+ 45. Kd3 {White resigns} 0-1

[Event "Team 45 45 League T60"]
[Site "Internet Chess Club"]
[Date "2014.03.04"]
[Round "1"]
[White "clarinetref"]
[Black "uzi"]
[Result "1-0"]
[WhiteElo "1611"]
[BlackElo "1345"]
[Opening "English opening"]
[ECO "A22"]
[Time "11:15:23"]
[TimeControl "2700+45"]

1. c4 e5 2. Nc3 Nf6 3. d3 Be7 4. g3 d5 5. cxd5 Nxd5 6. Bg2 Nxc3 7. bxc3 Nc6 8.
Qc2 Bd7 9. Nf3 O-O 10. O-O Rb8 11. a4 Re8 12. e4 Bg4 13. h3 Bh5 14. Kh2 Bc5 15.
Ba3 Bxa3 16. Rxa3 Qf6 17. Nh4 Rbd8 18. Nf5 Bg6 19. Ne3 Qd6 20. Rb3 Na5 21. Rb5
b6 22. Rd5 Qe6 23. Rxd8 Rxd8 24. Nd5 c6 25. Ne3 Nb7 26. f4 exf4 27. gxf4 f5 28.
e5 Nc5 29. Rd1 Bh5 30. Rd2 Nb3 31. Rf2 Nc5 32. d4 Nb7 33. Qxf5 Qxf5 34. Nxf5 c5
{Black resigns} 1-0